 Dungeon Crawl Stone Soup version 0.19.1 (webtiles) character file.

1 wwwwww the Magician (level 1, -2/11 HPs)
             Began as a Deep Elf Transmuter on Dec 3, 2016.
             Slain by a leopard gecko (3 damage)
             ... on level 1 of the Dungeon.
             The game lasted 00:00:29 (54 turns).

wwwwww the Magician (Deep Elf Transmuter)             Turns: 54, Time: 00:00:29

Health: -2/11      AC:  2    Str:  7    XL:     1   Next: 16%
Magic:  6/6        EV: 13    Int: 17    God:
Gold:   0          SH:  0    Dex: 15    Spells: 1 memorised, 5 levels left

rFire  . . .     SeeInvis .       - Unarmed
rCold  . . .     Gourm    .     b - +0 robe
rNeg   . . .     Faith    .     (no shield)
rPois  .         Spirit   .     (no helmet)
rElec  .         Reflect  .     (no cloak)
rCorr  .         Harm     .     (no gloves)
MR     .....                    (no boots)
Stlth  +.........               (no amulet)
                                (no ring)
                                (no ring)

@: appendage (expiring)
A: horns 2
a: End Transformation


You were on level 1 of the Dungeon.
You were not hungry.
You had grown temporary horns.
You visited 1 branch of the dungeon, and saw 1 of its levels.

Inventory:

Missiles
 a - 12 arrows
Armour
 b - a +0 robe (worn)
Scrolls
 e - a scroll of blinking {unknown}
 f - a scroll of identify {unknown}
Books
 c - a book of Changes
Comestibles
 d - a bread ration


   Skills:
 - Level 0.7 Fighting
 - Level 2.4 Dodging
 - Level 2.4 Unarmed Combat
 + Level 3.0 Spellcasting
 * Level 2.3 Transmutations


You had 5 spell levels left.
You knew the following spells:

 Your Spells              Type           Power        Failure   Level  Hunger
a - Beastly Appendage     Tmut           ##....       10%         1    None


Dungeon Overview and Level Annotations

Branches:
Dungeon (1/15)

Altars:


Innate Abilities, Weirdness & Mutations

You have a pair of horns on your head.


Message History

Welcome, wwwwww the Deep Elf Transmuter.
The bosom of this dungeon contains the fabled artefact, the Orb of Zot.
Press ? for a list of commands and other information.
Found a staircase leading out of the dungeon.
Unknown command.
You aren't carrying any items that you can evoke.
Found an escape hatch in the floor.
Found a stone staircase leading down.
e - a scroll labeled UQUUPL WEHIB Saving game... please wait.
Warning: Cannot find file "HDamage.rc". (~/.crawlrc:8) Warning: Cannot find file "HDAColors.rc". (~/.crawlrc:9) Welcome back, wwwwww the Deep Elf Transmuter.
Press ? for a list of commands and other information.
f - a scroll labeled LOCZYF FOZEX A leopard gecko and a goblin come into view.
The leopard gecko hisses angrily.
The leopard gecko moves out of view.
The goblin shouts!
Casting: Beastly Appendage
Confirm with . or Enter, or press ? or * to list all spells.
You grow a pair of large bovine horns.
The goblin hits you with a club.
You closely miss the goblin. You headbutt the goblin.
You kill the goblin!
You hit the leopard gecko.
You headbutt the leopard gecko, but do no damage.
The leopard gecko is heavily wounded.
The leopard gecko barely misses you.
An ooze comes into view.
You hit the leopard gecko.
The leopard gecko is severely wounded.
The leopard gecko bites you. The leopard gecko misses you.
You hit the leopard gecko but do no damage.
The leopard gecko is severely wounded.
The leopard gecko bites you.
* * * LOW HITPOINT WARNING * * *
You hit the leopard gecko but do no damage.
The leopard gecko is severely wounded.
Your transformation is almost over.
The leopard gecko misses you.
You barely miss the leopard gecko.
The leopard gecko is severely wounded.
The leopard gecko bites you.
* * * LOW HITPOINT WARNING * * *
Unknown command.
You closely miss the leopard gecko.
The leopard gecko is severely wounded.
The leopard gecko bites you.
* * * LOW HITPOINT WARNING * * *
The leopard gecko bites you.
You die...

#8.....###.###.#######
#<....## #...........>
#8....# #..##.#######
##....####..##.#
#............>#
#..........#..#
####.####.##..# #.#
#.##..#
.##.##.####@##..#
.........Jl.##..#
##)###.##### #)# ...
##..# #..# #..# ...#


You could see an ooze and a leopard gecko.

Vanquished Creatures
  A goblin (D:1)
1 creature vanquished.

Notes
Turn   | Place    | Note
-------+----------+-------------------------------------------
     0 | D:1      | wwwwww the Deep Elf Transmuter began the quest for the Orb.
     0 | D:1      | Reached XP level 1. HP: 11/11 MP: 6/6
    49 | D:1      | HP: 2/11 [leopard gecko (4)]
    54 | D:1      | Slain by a leopard gecko

Action                   || total
-------------------------++-------
Melee: Unarmed           ||     7
       Headbutt          ||     2
 Cast: Beastly Appendage ||     1
Dodge: Dodged            ||     3

Vault maps used:
D:1:      mrwooster_arrival_statue, dk_noncrumbling_3

Table legend:
 A = Turns spent in this place as a percentage of turns spent in the entire game.
 B = Non-inter-level travel turns spent in this place as a percentage of non-inter-level travel turns spent in the entire game.
 C = Inter-level travel turns spent in this place as a percentage of turns spent in this place.
 D = Turns resting spent in this place as a percentage of non-inter-level travel turns spent in this place.
 E = Turns spent auto-exploring this place as a percentage of non-inter-level travel turns spent in this place.
 F = Non-inter-level travel turns spent in this place divided by the number of levels of this place that you've seen.
                   A       B       C       D       E      F
               +-------+-------+-------+-------+-------+----------------------
         Total | 100.0 | 100.0 |   0.0 |   0.0 |  19.0 |  21.0
       Dungeon | 100.0 | 100.0 |   0.0 |   0.0 |  19.0 |  21.0
               +-------+-------+-------+-------+-------+----------------------

Table legend:
 A = Kills in this place as a percentage of kills in entire the game.
 B = Kills by you in this place as a percentage of kills by you in the entire game.
 C = Kills by friends in this place as a percentage of kills by friends in the entire game.
 D = Other kills in this place as a percentage of other kills in the entire game.
 E = Experience gained in this place as a percentage of experience gained in the entire game.
 F = Experience gained in this place divided by the number of levels of this place that you have seen.
                   A       B       C       D       E      F
               +-------+-------+-------+-------+-------+----------------------
         Total | 100.0 | 100.0 |  -nan |  -nan | 100.0 |   2.0
       Dungeon | 100.0 | 100.0 |  -nan |  -nan | 100.0 |   2.0
               +-------+-------+-------+-------+-------+----------------------
